 Dungeon Crawl Stone Soup version 0.31-a0-426-g3a05650e59 (webtiles) character file.

Game seed: 6445101280148015843

25 Gelion the Changeling (level 3, 0/23 HPs)
             Began as an Octopode Shapeshifter on July 31, 2023.
             Slain by a jackal (2 damage)
             ... on level 1 of the Dungeon.
             The game lasted 00:01:16 (699 turns).

Gelion the Changeling (Octopode Shapeshifter)        Turns: 699, Time: 00:01:17

Health: 0/23       AC:  1    Str: 14    XL:     3   Next: 6%
Magic:  3/3        EV: 13    Int: 10    God:
Gold:   31         SH:  0    Dex: 14    Spells: 2/2 levels left

rFire   . .          .
                       - Unarmed
rCold   . . .        (no shield)
rNeg    . . .        (helmet currently unavailable)
rPois   .            (no amulet)
rElec   .            (no ring)
rCorr   .            (no ring)
SInv    .            (no ring)
Will    .....        (no ring)
Stlth   ++           (no ring)
HPRegen 0.23/turn    (no ring)
MPRegen 0.08/turn    (no ring)
                     (no ring)

%: no passive effects
@: beast-form
A: beast (slay +2), almost no armour, amphibious, 8 rings, camouflage 1,
gelatinous body 1, (nimble swimmer 1), tentacles
a: Begin Untransformation


You were on level 1 of the Dungeon.
You were a hulking beast.
You visited 1 branch of the dungeon, and saw 1 of its levels.

You collected 31 gold pieces.

Inventory:

Talismans
 b - a beast talisman (active)
Potions
 a - a potion of lignification
 c - a potion of curing {unknown}


   Skills:
 + Level 1.6 Fighting
 - Level 2.0 Dodging
 + Level 3.2 Unarmed Combat
 * Level 3.4 Shapeshifting


You had 2 spell levels left.
You didn't know any spells.
Your spell library was empty.

Dungeon Overview and Level Annotations

Branches:
Dungeon (1/15)

Altars:

Annotations:
D:1 2 runed translucent doors


Innate Abilities, Weirdness & Mutations

You are a hulking beast.
Your limbs bulge with bestial killing power. (Slay +2)
You cannot wear most types of armour.
You are amphibious.
You can wear up to eight rings at the same time.
Your skin changes colour to match your surroundings (Stealth+).
Your rubbery body absorbs attacks. (AC +1, EV +1)
((You are camouflaged when in or above water. (Stealth+)))
You have tentacles for arms and can constrict up to eight enemies at once.


Message History

You grab the hobgoblin. Your squeeze misses the hobgoblin.
The hobgoblin is moderately wounded.
You constrict the hobgoblin. The hobgoblin closely misses you.
You release your grip on the hobgoblin.
The hobgoblin hits you. The jackal attacks as you move away!
The jackal misses you. The jackal closely misses you.
The jackal attacks as you move away! The jackal bites you.
You tentacle-slap the hobgoblin. You grab the hobgoblin.
You squeeze the hobgoblin.
You kill the hobgoblin!
A jackal comes into view.
The jackal closely misses you. The jackal misses you. x2
The jackal bites you. The jackal misses you.
You see here a hobgoblin corpse.
You barely miss the jackal. You grab the jackal.
Your squeeze misses the jackal. You constrict the jackal. The jackal bites you.
* * * LOW HITPOINT WARNING * * *
The jackal bites you.
* * * LOW HITPOINT WARNING * * *
You tentacle-slap the jackal.
The jackal is almost dead.
You constrict the jackal.
You kill the jackal!
The jackal closely misses you.
You bludgeon the jackal!
You kill the jackal!
You have reached level 3!
Your experience leads to an increase in your attributes!
Increase (S)trength, (I)ntelligence, or (D)exterity?
You feel agile. x2
You closely miss the jackal. You grab the jackal.
You constrict the jackal, but do no damage.
The jackal barely misses you. The jackal bites you.
* * * LOW HITPOINT WARNING * * *
You bludgeon the jackal!
You kill the jackal!
The jackal barely misses you.
You closely miss the jackal. You grab the jackal.
Your squeeze misses the jackal. You constrict the jackal. The jackal bites you.
You die...

#.# .). # ########.######
#.#......#.##...#
#.#...##.#.##...#
#...#.#..#.##...#
.######)#.#..#.##...######
...............hh.........
#######.#.#..#.##...#####
#.#.#..#.##...# #.#.####.######
#.#.. ..#
#.########################
#.........................
#########################.
################################.


You could see a jackal.

Vanquished Creatures
  A ball python (D:1)
  2 bats (D:1)
  3 endoplasms (D:1)
  A giant cockroach (D:1)
  A goblin (D:1)
  3 hobgoblins (D:1)
  3 jackals (D:1)
  3 kobolds (D:1)
  A quokka (D:1)
  2 rats (D:1)
20 creatures vanquished.

Notes
Turn   | Place    | Note
-------+----------+-------------------------------------------
     0 | D:1      | Gelion the Octopode Shapeshifter began the quest for the
                  | Orb.
     0 | D:1      | Reached XP level 1. HP: 13/13 MP: 1/1
    79 | D:1      | Found a large runed translucent door.
    79 | D:1      | Found a large runed translucent door.
    79 | D:1      | Noticed an ogre
    79 | D:1      | Noticed a troll
    79 | D:1      | Noticed an ogre
    81 | D:1      | Noticed an ogre
    86 | D:1      | Noticed an ogre
   270 | D:1      | Reached XP level 2. HP: 18/18 MP: 2/2
   697 | D:1      | Reached XP level 3. HP: 3/23 MP: 3/3
   699 | D:1      | Slain by a jackal

Illustrated notes

Levels and vault maps discovered:
D:1:      erik_arrival_cave_to_civilisation [erik_arrival_cave_to_temple],
          layout_basic, serial_shops, shop

Action                     || total
---------------------------++-------
  Melee: Unarmed           ||    39
         Constrict         ||    12
         Punch             ||     2
         Tentacles         ||     2
   Stab: Sleeping          ||     2
 Armour: Skin              ||     3
  Dodge: Dodged            ||    30

Table legend: (Time is in decaauts)
 A = Elapsed time spent in this place.
 B = Non-inter-level travel time spent in this place.
 C = Inter-level travel time spent in this place.
 D = Time resting spent in this place.
 E = Time spent auto-exploring this place.
 F = Levels seen in this place.
 G = Mean time per level.
                   A        B        C        D        E       F      G
               +--------+--------+--------+--------+--------+-----+--------+
         Total |    696 |    664 |     32 |      0 |    557 |   1 |  696.0 |
       Dungeon |    696 |    664 |     32 |      0 |    557 |   1 |  696.0 |
               +--------+--------+--------+--------+--------+-----+--------+

Top non-repeatable levels by time:
     D:1: 696 daAuts
